 Dungeon Crawl Stone Soup version 0.19-a0-1922-g1e9a4c1 (webtiles) character file.

106 Kirk the Charmwright (level 4, -2/29 HPs)
             Began as an Octopode Skald on Oct 24, 2016.
             Killed by divine providence
             ... invoked by an orc priest
              (11 damage)
             ... on level 4 of the Dungeon.
             The game lasted 00:03:50 (2335 turns).

Kirk the Charmwright (Octopode Skald)               Turns: 2335, Time: 00:03:50

Health: -2/29      AC:  1    Str: 11    XL:     4   Next: 84%
Magic:  3/7        EV: 13    Int: 15    God:
Gold:   119        SH:  0    Dex: 11    Spells: 3 memorised, 2 levels left

rFire  . . .     SeeInvis .     a - +0 spear
rCold  + . .     Gourm    .     (no shield)
rNeg   . . .     Faith    .     (helmet restricted)
rPois  .         Spirit   .     (no amulet)
rElec  .         Reflect  .     g - ring of protection from cold
rCorr  .         Harm     .     (no ring)
MR     .....                    (no ring)
Stlth  ++........               (no ring)
                                (no ring)
                                (no ring)
                                (no ring)
                                (no ring)

@: infused, very slightly contaminated
A: almost no armour, stealthy swim, amphibious, 8 rings, constrict 8, camouflage
1, gelatinous body 1
a: no special abilities


You were on level 4 of the Dungeon.
You were not hungry.

You visited 1 branch of the dungeon, and saw 4 of its levels.

You collected 119 gold pieces.

Inventory:

Hand Weapons
 a - a +0 spear (weapon)
 m - a cursed -2 war axe
 q - a +0 dagger of venom
Jewellery
 g - a ring of protection from cold (left tentacle)
Scrolls
 h - a scroll of magic mapping {unknown}
 k - a scroll of blinking {unknown}
 p - a scroll of fear {unknown}
Potions
 e - a potion of might {unknown}
 f - a potion of flight {unknown}
 j - a potion of brilliance {unknown}
 n - a potion of cancellation {unknown}
 o - a potion of berserk rage
Books
 b - a book of Battle

   Spells                             Type                      Level
   a - Infusion                       Charms                       1
   b - Shroud of Golubria             Charms/Translocation         2
   c - Song of Slaying                Charms                       2
   d - Spectral Weapon                Hexes/Charms                 3
   e - Regeneration                   Charms/Necromancy            3
Comestibles
 c - 2 bread rations
 d - a royal jelly
 l - 3 chunks of flesh


   Skills:
 - Level 2.0 Fighting
 + Level 3.5 Polearms
 - Level 1.5 Dodging
 + Level 2.4 Spellcasting
 + Level 4.1 Charms


You had 2 spell levels left.
You knew the following spells:

 Your Spells              Type           Power        Failure   Level  Hunger
a - Infusion              Chrm           ##..         4%          1    #......
b - Song of Slaying       Chrm           ##......     8%          2    ###....
c - Shroud of Golubria    Chrm/Tloc      #.........   14%         2    ###....


Dungeon Overview and Level Annotations

Branches:
Dungeon (4/15)
 Temple: D:4-7

Altars:
Hepliaklqana


Innate Abilities, Weirdness & Mutations

You cannot wear most types of armour.
You are very stealthy in the water. (Stealth+)
You are amphibious.
You can wear up to eight rings at the same time.
You can use your tentacles to constrict eight enemies at once.
Your skin changes colour to match your surroundings (Stealth+).
Your rubbery body absorbs attacks. (AC +1, EV +1)


Message History

You hit the orc!
You kill the orc!
The orc priest moves out of view.
The orc throws a tomahawk.
The tomahawk closely misses you.
Casting: Infusion
Confirm with . or Enter, or press ? or * to list all spells.
You miscast Song of Slaying.
Your tentacles glow momentarily.
An adder skeleton comes into view.
You barely miss the orc. Your grab misses the orc.
The orc priest mumbles some strange prayers to Beogh against you.
Pain shoots through your body!
* * * LOW HITPOINT WARNING * * *
The orc throws a tomahawk.
The tomahawk barely misses you.
You are too injured to fight recklessly!
You are too injured to fight recklessly!
Unknown command.
An orc priest comes into view.
The orc priest mumbles some strange prayers to Beogh against you.
Beogh smites you!
You die...

## .. Z###### ###### ######+##
....... #....####.......#
...o. #.##....'.@o....# ...
######.##..###.....oZ###)#####
#<....)..<........#...o......#
######.###.######.#..........#
#...... #.#..?.......#
#####.## #.#..........# #..
..#..(.......# #..
###.####+##### #.


You could see an orc priest, 2 orcs and an adder skeleton.

Vanquished Creatures
  3 adders (D:2)
  2 oozes
  A worm (D:2)
  A dart slug (D:2)
  A leopard gecko (D:3)
  8 orcs
  4 giant cockroaches
  4 goblins
  6 hobgoblins
  4 jackals (D:1)
  A quokka (D:3)
  5 bats
  6 frilled lizards
  8 kobolds
  A rat (D:2)
55 creatures vanquished.

Notes
Turn   | Place    | Note
-------+----------+-------------------------------------------
     0 | D:1      | Kirk the Octopode Skald began the quest for the Orb.
     0 | D:1      | Reached XP level 1. HP: 14/14 MP: 3/3
   468 | D:1      | Reached XP level 2. HP: 17/19 MP: 5/5
  1003 | D:1      | Reached XP level 3. HP: 21/24 MP: 6/6
  1437 | D:2      | Reached XP level 4. HP: 13/29 MP: 3/7
  1446 | D:2      | Learned a level 2 spell: Song of Slaying
  1449 | D:2      | Learned a level 2 spell: Shroud of Golubria
  1866 | D:3      | Reached skill level 4 in Charms
  2116 | D:3      | Noticed an ogre
  2214 | D:3      | Found a hazy altar of Hepliaklqana.
  2335 | D:4      | Killed from afar by an orc priest

Vault maps used:
D:1:      dpeg_cavernosity
D:3:      old_standard_altar
D:4:      nicolae_overflow_crystal_walls, kiku_gazebo_garden_becter, first_bread

Skill      XL: |  1  2  3  4 |
---------------+-------------+-----
Polearms       | 3 |  3.5
Charms         | 4 |  4.1
Fighting       | |  2.0
Dodging        | |  1.5
Spellcasting   | |  2.4

Action                   |  1- 3 |  4- 6 || total
-------------------------+-------+-------++-------
Melee: Spear             |    85 |    75 ||   160
       Constrict         |     8 |    11 ||    19
       Tentacles         |     8 |    10 ||    18
 Cast: Infusion          |     2 |     4 ||     6
  Use: Scroll            |       |     1 ||     1
 Stab: Sleeping          |     9 |     1 ||    10
       Distracted        |       |     2 ||     2
  Eat: Chunk             |     1 |     4 ||     5
Armor: Skin              |     2 |     3 ||     5
Dodge: Dodged            |    27 |    23 ||    50
